 Dungeon Crawl Stone Soup version 0.29-a0-772-ga24da20 (webtiles) character file.

Game seed: 17365352105191596574

5 PurpleRed the Sneak (level 1, 0/12 HPs)
             Began as a Deep Elf Brigand on July 2, 2022.
             Slain by a hobgoblin (4 damage)
             ... on level 1 of the Dungeon.
             The game lasted 00:00:53 (133 turns).

PurpleRed the Sneak (Deep Elf Brigand)               Turns: 133, Time: 00:00:53

Health: 0/12       AC:  3    Str:  8    XL:     1   Next: 66%
Magic:  4/4        EV: 12    Int: 15    God:
Gold:   20         SH:  5    Dex: 16    Spells: 2/2 levels left

rFire   . . .      SeeInvis .   a - +2 dagger
rCold   . . .      Faith    .   (no shield)
rNeg    . . .      Spirit   .   b - +0 robe
rPois   .          Reflect  +   (no helmet)
rElec   .          Harm     .   c - +0 cloak
rCorr   .          Rampage  .   (no gloves)
Will    .....                   (no boots)
Stlth   +++.......              g - amulet of reflection
HPRegen 0.04/turn               (no ring)
MPRegen 0.09/turn               (no ring)

@: no status effects
A: no striking features
a: no special abilities


You were on level 1 of the Dungeon.
You visited 1 branch of the dungeon, and saw 2 of its levels.

You collected 20 gold pieces.

Inventory:

Hand Weapons
 a - a +2 dagger (weapon)
Missiles
 d - 9 poisoned darts (quivered)
 e - 3 curare-tipped darts
Armour
 b - a +0 robe (worn)
 c - a +0 cloak (worn)
Jewellery
 g - an amulet of reflection (around neck)
Scrolls
 f - a scroll of identify {unknown}
 i - a scroll of enchant weapon {unknown}
Potions
 h - a potion of attraction {unknown}


   Skills:
 + Level 1.7 Fighting
 - Level 2.0 Short Blades
 - Level 2.0 Throwing
 - Level 1.2 Dodging
 - Level 4.8 Stealth
 * Level 1.4 Spellcasting


You had 2 spell levels left.
You didn't know any spells.
Your spell library was empty.

Dungeon Overview and Level Annotations

Branches:
Dungeon (2/15)

Altars:


Message History

Found a blue potion.
There is a stone staircase leading down here.
Found a scroll labelled KUXYEL TIGG.
Found an escape hatch in the floor.
Found a stone staircase leading down.
h - a blue potion
i - a scroll labelled KUXYEL TIGG A goblin comes into view.
It is wielding a +0 dagger.
Found 12 gold pieces.
The goblin shouts!
You hear a shout!
A dart slug comes into view.
The dart slug moves out of view.
A hobgoblin comes into view.
The goblin hits you with a +0 dagger.
You closely miss the goblin. You block the goblin's attack.
You hit the goblin.
The goblin is severely wounded.
The dart slug launches a dart at you. The slug dart misses you.
You hit the goblin.
You kill the goblin!
A quokka comes into view.
You hit the hobgoblin but do no damage. The hobgoblin barely misses you.
You hit the hobgoblin but do no damage. You block the hobgoblin's attack.
You hit the hobgoblin but do no damage. The hobgoblin hits you.
The dart slug launches a dart at you. The slug dart hits you.
You hit the hobgoblin.
The hobgoblin is moderately wounded.
The hobgoblin hits you but does no damage.
You hit the hobgoblin.
The hobgoblin is almost dead.
The hobgoblin closely misses you. You block the dart slug's attack.
You closely miss the hobgoblin.
You punch the hobgoblin, but do no damage.
The hobgoblin is almost dead.
The hobgoblin hits you but does no damage.
You block the quokka's attack. The dart slug bites you. The hobgoblin hits you.
You die...

#..........# # #
###..........# #.#
............># #..
####..........# .#..
.....>........# .#..
####..........# .#.# ..
..............###.# #
... ###...............#
....###w@.............#
.......gr...####.#....#
............# #.#....#
............# #.#.>..#
..#....).............##
#....................
..#.................##.#
...#...$....####.#...# #
. ########## #.#...#


You could see a dart slug, a quokka and a hobgoblin.

Vanquished Creatures
  An endoplasm (D:2)
  2 goblins (D:1)
  A quokka (D:1)
4 creatures vanquished.

Notes
Turn   | Place    | Note
-------+----------+-------------------------------------------
     0 | D:1      | PurpleRed the Deep Elf Brigand began the quest for the Orb.
     0 | D:1      | Reached XP level 1. HP: 12/12 MP: 3/3
    90 | D:2      | Reached skill level 1 in Spellcasting
   133 | D:1      | Slain by a hobgoblin

Illustrated notes

Levels and vault maps discovered:
D:1:      dpeg_arrival_central, layout_basic, amethyst_killhole
D:2:      layout_basic, shapermc_ecumenical_altar_mp_ritualfount,
          kennysheep_potato, uniq_terence

Skill      XL: |  1 |
---------------+----+-----
Spellcasting   | 1 |  1.4
Fighting       | |  1.7
Short Blades   | |  2.0
Throwing       | |  2.0
Dodging        | |  1.2
Stealth        | |  4.8

Action                   || total
-------------------------++-------
Melee: Dagger            ||    25
       Punch             ||     1
Throw: Dart              ||     2
Armor: Robe              ||    10
Dodge: Dodged            ||    16
Block: Other             ||     4

Table legend: (Time is in decaauts)
 A = Elapsed time spent in this place.
 B = Non-inter-level travel time spent in this place.
 C = Inter-level travel time spent in this place.
 D = Time resting spent in this place.
 E = Time spent auto-exploring this place.
 F = Levels seen in this place.
 G = Mean time per level.
                   A        B        C        D        E       F      G
               +--------+--------+--------+--------+--------+-----+--------+
         Total |    130 |    130 |      0 |      0 |      0 |   2 |   65.0 |
       Dungeon |    130 |    130 |      0 |      0 |      0 |   2 |   65.0 |
               +--------+--------+--------+--------+--------+-----+--------+

Top non-repeatable levels by time:
     D:1: 106 daAuts
     D:2: 24 daAuts
